 Dungeon Crawl Stone Soup version 0.28.0 (webtiles) character file.

Game seed: 10790072272888922520

193814 BeingJoeMalik the Warrior (level 18, -20/127 HPs)
             Began as a Tengu Fighter on Feb 11, 2022.
             Was the Champion of Okawaru.
             Shot with an arrow by a satyr (23 damage)
             ... on level 3 of the Shoals on Feb 12, 2022.
             The game lasted 02:18:01 (40803 turns).

BeingJoeMalik the Warrior (Tengu Fighter)          Turns: 40803, Time: 02:18:01

Health: -20/127    AC: 18    Str: 27    XL:     18   Next: 28%
Magic:  0/53       EV: 27    Int: 10    God:    Okawaru [******]
Gold:   1954       SH: 10    Dex: 31    Spells: 17/17 levels left

rFire   + + +      SeeInvis +   n - +5 demon whip "Transmigrator" {venom, MP+9 Dex+6 SInv Stlth+}
rCold   + + .      Faith    .   e - +0 buckler of the Rambutan {rF+ rN+ Str+3}
rNeg    + . .      Spirit   +   C - +4 scale mail of Vehumet's Benevolence {rElec Str+7 Stlth+}
rPois   +          Reflect  .   (helmet restricted)
rElec   +          Harm     .   P - +0 cloak of the Serpent {rPois rCorr MP+9 Str-2}
rCorr   +          Rampage  .   g - +2 pair of gloves {Stlth+}
Will    +....                   (boots unavailable)
Stlth   ++++++....              j - amulet of guardian spirit
HPRegen 0.31/turn               E - ring "Liathrou" {+Blink rF+ MP+9 Dex+2}
MPRegen 0.33/turn               S - ring of the Inquisitive Hosts {rC+ rCorr Dex+5 SInv}

@: resistant (expiring), afraid, flying quickly and evasively, hasted, very
quick
A: beak, talons 3, nimble flight
}: 1/15 runes: serpentine
a: Renounce Religion, Evoke Blink, Heroism, Finesse, Duel


You were on level 3 of the Shoals.
You worshipped Okawaru.
Okawaru was exalted by your worship.
You visited 7 branches of the dungeon, and saw 32 of its levels.
You also visited: Gauntlet and Ice Cave.

You collected 3506 gold pieces.
You spent 1552 gold pieces at shops.

Inventory:

Hand Weapons
 n - the +5 demon whip "Transmigrator" (weapon) {venom, MP+9 Dex+6 SInv Stlth+}
   (You acquired it on level 8 of the Dungeon)

   It poisons the flesh of those it strikes.
   Dex:       It affects your dexterity (+6).
   MP:        It affects your magic capacity (+9).
   SInv:      It lets you see invisible.
   Stlth:     It makes you more stealthy.
 y - the +5 demon whip "Spellbinder" {antimagic, Will+}
   (Okawaru gifted it to you on level 4 of the Snake Pit)

   It reduces the magical energy of the wielder, and disrupts the spells and
   magical abilities of those it strikes.
   Natural abilities and divine invocations are not affected.
   It unleashes wild and unpredictable magical effects upon striking a wizard or
   a creature with magical abilities.
   Will:      It increases your willpower.
Missiles
 a - 3 throwing nets
 m - 33 poisoned darts (quivered)
 v - 5 silver javelins
 H - 8 curare-tipped darts
Armour
 e - the +0 buckler of the Rambutan (worn) {rF+ rN+ Str+3}
   (You acquired it in an ice cave)

   Str:       It affects your strength (+3).
   rF:        It protects you from fire.
   rN:        It protects you from negative energy.
 g - a +2 pair of gloves of stealth (worn)
 h - a +1 kite shield of positive energy
 p - a +2 kite shield of protection
 C - the +4 scale mail of Vehumet's Benevolence (worn) {rElec Str+7 Stlth+}
   (You bought it in a shop on level 2 of the Orcish Mines)

   Str:       It affects your strength (+7).
   rElec:     It insulates you from electricity.
   Stlth:     It makes you more stealthy.
 P - the +0 cloak of the Serpent (worn) {rPois rCorr MP+9 Str-2}
   (You found it on level 2 of the Lair of Beasts)

   Str:       It affects your strength (-2).
   rPois:     It protects you from poison.
   MP:        It affects your magic capacity (+9).
   rCorr:     It protects you from acid and corrosion.
 Q - a +1 tower shield of reflection
Jewellery
 j - an amulet of guardian spirit (around neck)
 s - a ring of willpower
 u - a ring of positive energy
 E - the ring "Liathrou" (left hand) {+Blink rF+ MP+9 Dex+2}
   (You bought it in a shop on level 2 of the Orcish Mines)

   [ring of magical power]

   Dex:       It affects your dexterity (+2).
   rF:        It protects you from fire.
   MP:        It affects your magic capacity (+9).
   +Blink:    It lets you blink.
 F - a ring of protection from fire
 S - the ring of the Inquisitive Hosts (right hand) {rC+ rCorr Dex+5 SInv}
   (You found it in an ice cave)

   [ring of protection from cold]

   Dex:       It affects your dexterity (+5).
   rC:        It protects you from cold.
   SInv:      It lets you see invisible.
   rCorr:     It protects you from acid and corrosion.
Wands
 k - a wand of flame (71)
 q - a wand of digging (17)
 x - a wand of iceblast (25)
 N - a wand of paralysis (7)
Scrolls
 b - 8 scrolls of teleportation
 d - 3 scrolls of enchant weapon
 i - 2 scrolls of enchant armour
 r - 6 scrolls of fear
 w - a scroll of silence
 K - 3 scrolls of fog
 L - 2 scrolls of magic mapping
 T - a scroll of holy word
 W - 9 scrolls of identify
Potions
 l - 4 potions of brilliance
 o - 5 potions of curing
 t - 4 potions of mutation
 z - a potion of berserk rage
 A - 2 potions of magic
 D - 5 potions of might
 J - 2 potions of resistance
 X - a potion of haste
Miscellaneous
 c - a phial of floods


   Skills:
 + Level 18.9 Fighting
 - Level 13.6 Maces & Flails
 + Level 5.0 Throwing
 + Level 12.8 Armour
 + Level 11.6 Dodging
 + Level 7.8 Stealth
 + Level 13.8 Shields
 - Level 9.5 Invocations


You had 17 spell levels left.
You didn't know any spells.
Your spell library contained the following spells:

 Spells                   Type           Power      Damage    Failure   Level
 Freeze                   Ice            0%         1d3       63%         1
 Magic Dart               Conj           0%         1d3       63%         1
 Slow                     Hex            0%         N/A       63%         1
 Blink                    Tloc           0%         N/A       77%         2
 Ensorcelled Hibernation  Hex/Ice        0%         N/A       77%         2
 Passwall                 Tmut/Erth      0%         N/A       77%         2
 Confusing Touch          Hex            0%         N/A       94%         3
 Conjure Flame            Conj/Fire      0%         6-21      94%         3
 Frozen Ramparts          Ice            0%         1d2       94%         3
 Ignite Poison            Fire/Tmut/Pois 0%         N/A       94%         3
 Lesser Beckoning         Tloc           0%         N/A       94%         3
 Mephitic Cloud           Conj/Pois/Air  0%         N/A       94%         3
 Swiftness                Air            0%         N/A       94%         3
 Vampiric Draining        Necr           0%         2d6       94%         3
 Hailstorm                Conj/Ice       0%         3d3       100%        4
 Passage of Golubria      Tloc           0%         N/A       100%        4
 Sticky Flame             Conj/Fire      0%         2d3       100%        4
 Borgnjor's Vile Clutch   Necr/Erth      0%         N/A       100%        5
 Manifold Assault         Tloc           0%         N/A       100%        5
 Yara's Violent Unravell  Hex/Tmut       0%         3d3       100%        5
 Enfeeble                 Hex            0%         N/A       100%        7
 Ozocubu's Refrigeration  Ice            0%         4d5       100%        7
 Polar Vortex             Ice            0%         N/A       100%        9
 Call Imp                 Summ           Unusable   N/A       N/A         2
 Tukima's Dance           Hex            Unusable   N/A       N/A         3
 Animate Dead             Necr           Unusable   N/A       N/A         4
 Death Channel            Necr           Unusable   N/A       N/A         6

Dungeon Overview and Level Annotations

Branches:
Dungeon (15/15)            Temple (1/1) D:6            Lair (6/6) D:10
 Shoals (3/4) Lair:3        Snake (4/4) Lair:3        Slime (0/5) Lair:6
    Orc (2/2) D:9             Elf (0/3) Orc:2        Vaults (0/5) D:14
 Depths (1/4) D:15          IceCv (visited)         Gauntlet (visited)

Altars:
Ashenzari
Cheibriados
Dithmenos
Elyvilon
Fedhas
Gozag
Hepliaklqana
Kikubaaqudgha
Makhleb
Nemelex Xobeh
Okawaru
Qazlal
Ru
Sif Muna
Trog
Uskayaw
Vehumet
Wu Jian
Xom
Yredelemnul
Zin
The Shining One
Beogh

Shops:
D:11 *   D:13 (   Orc:2 [((=   Shoals:2 ?

Annotations:
D:7 2 transporters, dornbeast's ghost, novice HOCA
D:9 3 runed translucent doors, Bricks's ghost, novice GnFi
D:13 1 runed translucent door, Maxmaps's ghost, adept FoSk
Lair:5 3 runed translucent doors, Emuarch's ghost, journeyman MiFi
Shoals:3 Polyphemus


Innate Abilities, Weirdness & Mutations

You have a beak for a mouth.
You have claws for feet.
Your magical nature lets you fly swiftly and evasively.


Message History

The merfolk aquamancer blinks!
Unknown command.
The harpy completely misses you. You block the harpy's attack.
The merfolk aquamancer seems to regain its courage.
The merfolk aquamancer points at you and mumbles some strange words.
The shard of ice hits you!! You partially resist.
* * * LOW HITPOINT WARNING * * *
Unknown command.
Blink to where?
Press: ? - help, Dir - move target A cyclops comes into view.
As you read the scroll of blinking, it crumbles to dust.
The cyclops throws a large rock.
The large rock closely misses you.
The manticore flicks its tail.
The volley of spikes misses you.
The manticore flicks its tail.
You block the volley of spikes.
Unknown command.
The faun unwields a +0 club.
The faun wields a +0 hunting sling.
The faun shoots a stone.
The stone completely misses you.
The satyr plays a frightful melody on his pipes!
The satyr radiates an aura of fear!
You are terrified of the satyr!
Unknown command.
Unknown command.
You feel yourself speed up.
You start to feel less resistant.
A merfolk siren comes into view. It is wielding a +0 trident.
The faun shoots a stone.
The stone hits you!
* * * LOW HITPOINT WARNING * * *
A merfolk comes into view. It is wielding a +0 vorpal trident.
The manticore flicks its tail.
The volley of spikes hits you but does no damage.
The satyr shoots an arrow.
The arrow completely misses you.
The cyclops throws a large rock.
The large rock completely misses you.
Unknown command.
Unknown command.
The faun shoots a stone.
You block the stone.
The satyr shoots an arrow.
The arrow hits you!!
You die...

.##. ..≈≈≈m..#
##.≈≈≈≈≈≈≈..≈≈≈≈≈ ....
≈≈≈≈≈≈..####.≈≈≈≈Y(≈≈.≈≈≈≈≈
....
≈≈≈≈≈≈.....H.≈≈≈≈c≈≈..≈≈..≈
....
.≈.≈≈≈≈≈≈≈≈E.≈≈≈≈Y≈≈H.≈≈...
....
.≈≈≈≈≈≈≈≈≈≈[..≈≈≈..≈.≈≈Y...
..$.
≈≈≈≈≈≈≈≈≈≈≈≈≈≈≈≈≈..≈≈≈)).≈
....
≈≈≈C≈≈≈≈≈≈≈≈≈≈≈.≈≈≈≈..##.†
....
≈≈≈≈≈≈≈≈≈≈≈≈≈≈≈≈≈≈≈≈..##<≈
...C
≈≈≈≈≈≈≈≈≈@≈≈≈≈≈≈c≈≈≈....≈≈
.Y..
≈≈C≈≈≈≈≈≈≈≈≈≈≈≈≈m≈≈≈.≈.E..
....
.≈≈≈.....≈≈≈≈≈≈≈≈≈≈≈E≈≈.≈.
.#.≈.###.≈≈≈≈≈≈≈≈≈≈≈≈≈≈≈≈≈
##.. ##≈≈≈≈≈≈≈≈≈≈≈≈≈≈≈≈≈ #
.≈≈≈≈≈≈≈≈≈≈.≈≈≈≈≈≈
≈≈≈≈≈≈≈≈≈≈≈.≈≈≈≈≈≈
≈≈≈≈≈≈≈≈≈≈≈≈≈≈..≈≈


You could see a satyr (scary), a faun, a manticore, 2 cyclopes, a water
elemental, a merfolk siren (wandering) and 2 dream sheep.

Vanquished Creatures
  Jorgrun (Shoals:1)
  Frances (Shoals:1)
  Kirke (Snake:3)
  6 nagarajas (Snake:4)
  2 azure jellies (IceCv)
  A frost giant (D:15)
  2 orc warlords
  Louise (Shoals:2)
  Aizul (Snake:4)
  A quicksilver ooze (IceCv)
  A minotaur (Gauntlet)
  2 dire elephants (Lair:6)
  9 hydras
  2 merfolk avatars
  11 naga warriors
  5 salamander tyrants
  A boulder beetle (D:14)
  A centaur warrior (D:15)
  10 anacondas
  A catoblepas (D:14)
  2 two-headed ogres
  2 dancing weapons (D:14)
  5 death yaks
  A spectral dire elephant (Lair:6)
  3 tengu warriors
  A satyr (Shoals:2)
  An orc high priest (Orc:2)
  7 naga sharpshooters
  7 shock serpents
  3 skeletal warriors (D:15)
  Sonja (Lair:2)
  A spectral death yak (Lair:6)
  2 salamander mystics
  A sea snake (Shoals:1)
  A fire crab (Gauntlet)
  A spectral anaconda (Lair:6)
  A glowing orange brain (D:15)
  A lindwurm (Lair:5)
  4 harpies (Shoals:1)
  3 orc knights
  8 naga ritualists
  An obsidian statue (Lair:6)
  An oklob plant (Lair:6)
  4 necromancers
  3 fauns
  17 mana vipers
  16 ugly things
  5 deep elf pyromancers
  12 salamanders
  2 orc sorcerers
  6 manticores
  5 merfolk sirens
  A moth of wrath (Gauntlet)
  18 elephants
  Joseph (Lair:1)
  A guardian serpent (Snake:3)
  3 water nymphs
  47 black mambas
  A guardian serpent (shapeshifter) (D:13)
  16 naga magi
  2 ice statues (IceCv)
  12 cane toads
  A gargoyle (D:13)
  2 rime drakes
  8 komodo dragons
  2 entropy weaver simulacra (IceCv)
  A freezing wraith (D:14)
  An efreet (D:15)
  A tengu conjurer (D:14)
  3 meliai (Lair:5)
  6 merfolk
  A polar bear (Lair:6)
  A queen bee (Lair:5)
  A troll (D:9)
  3 wind drakes
  A hornet (D:9)
  35 slime creatures
  6 dream sheep
  29 blink frogs
  3 snapping turtles
  A wraith (D:10)
  3 shadows
  A wyvern (Lair:1)
  73 yaks
  3 water elementals
  2 fire bats (Gauntlet)
  A human (Snake:3)
  2 basilisks
  5 hogs (Snake:3)
  5 vampire mosquitoes
  A steam dragon (Lair:5)
  11 wargs
  33 nagas
  3 swamp worms (Gauntlet)
  3 acid dragons
  14 water moccasins
  3 demonic crawler simulacra (IceCv)
  2 ice beasts
  3 black bears
  33 orc warriors
  2 sky beasts (D:6)
  4 ogres
  A necrophage (D:7)
  3 ugly thing simulacra (IceCv)
  15 wolves
  4 phantoms
  4 centaurs
  A kobold brigand (D:9)
  18 bullfrogs
  2 gnoll sergeants
  A cane toad simulacrum (Lair:6)
  2 scorpions
  3 glowing shapeshifter simulacra (IceCv)
  38 killer bees
  3 wights (D:6)
  5 howler monkeys
  2 electric eels (Lair:2)
  A bullfrog zombie (D:5)
  2 centaur zombies
  3 hounds
  4 jellies (Lair:6)
  19 orc priests
  A bullfrog skeleton (D:7)
  Jessica (D:2)
  4 iguanas
  20 orc wizards
  A yak simulacrum (D:9)
  8 hell rats
  A killer bee zombie (D:8)
  4 polar bear simulacra (D:9)
  2 wolf simulacra (D:9)
  A hound skeleton (D:5)
  Robin (D:2)
  13 gnolls
  5 adders
  10 river rats (Lair:2)
  A white imp (D:8)
  An ufetubus (D:7)
  2 worms
  A dart slug (D:3)
  87 orcs
  6 bats
  6 endoplasms
  2 giant cockroaches
  21 goblins
  9 hobgoblins
  5 jackals (D:1)
  11 kobolds
  6 quokkas
  6 ball pythons
  A frilled lizard (D:2)
  9 rats
  4 river rat simulacra (D:9)
984 creatures vanquished.

Vanquished Creatures (others)
  16 demonic plants (Gauntlet)
  55 fungi
  88 plants
  7 withered plants (Lair:6)
166 creatures vanquished.

Grand Total: 1150 creatures vanquished

Notes
Turn   | Place    | Note
-------+----------+-------------------------------------------
     0 | D:1      | BeingJoeMalik the Tengu Fighter began the quest for the
                  | Orb.
     0 | D:1      | Reached XP level 1. HP: 14/14 MP: 2/2
   157 | D:1      | Reached XP level 2. HP: 4/19 MP: 3/3
   668 | D:1      | Reached XP level 3. HP: 17/23 MP: 4/4
  1090 | D:2      | Identified the +0 helmet of Ehelog {rElec rF+++ Int-2
                  | Dex+2}
  1090 | D:2      | Noticed Robin
  1344 | D:2      | Reached XP level 4. HP: 28/28 MP: 5/5
  1345 | D:2      | Killed Robin
  1795 | D:2      | Noticed Jessica
  1806 | D:2      | Killed Jessica
  1903 | D:2      | Gained mutation: Your magical nature lets you fly swiftly
                  | and evasively. [Tengu growth]
  1903 | D:2      | Reached XP level 5. HP: 32/32 MP: 6/6
  1912 | D:2      | Reached skill level 5 in Maces & Flails
  2216 | D:2      | Found a faded altar of an unknown god.
  2793 | D:3      | Found a broken altar of Ashenzari.
  3254 | D:4      | Noticed a black bear
  3684 | D:4      | Reached XP level 6. HP: 20/37 MP: 7/7
  4306 | D:4      | Noticed a water moccasin
  4329 | D:4      | Killed a water moccasin
  4540 | D:4      | Reached XP level 7. HP: 41/41 MP: 8/8
  4660 | D:4      | You are sucked into a shaft and drop 2 floors!
  4660 | D:6      | Found a shadowy altar of Dithmenos.
  4718 | D:6      | Found a staircase to the Ecumenical Temple.
  4724 | Temple   | Entered the Ecumenical Temple
  4979 | Temple   | Became a worshipper of Warmaster Okawaru
  5438 | D:5      | Entered Level 5 of the Dungeon
  5856 | D:5      | Reached * piety under Okawaru
  5857 | D:5      | Reached XP level 8. HP: 31/46 MP: 9/9
  6358 | D:5      | Reached skill level 10 in Maces & Flails
  7299 | D:6      | Reached ** piety under Okawaru
  7304 | D:6      | Found an ancient bone altar of Kikubaaqudgha.
  7381 | D:7      | Reached XP level 9. HP: 50/50 MP: 10/10
  7394 | D:7      | Found a transporter.
  7632 | D:7      | Found a sparkling altar of Nemelex Xobeh.
  7698 | D:7      | Found a transporter.
  7701 | D:7      | Noticed dornbeast's ghost (novice HOCA)
  7710 | D:7      | Noticed a moth of wrath
  7743 | D:7      | Found a hazy altar of Hepliaklqana.
  7743 | D:7      | Found a hide-covered altar of Uskayaw.
  8153 | D:8      | Noticed an angel
  8154 | D:8      | Found a shimmering altar of Xom.
  8154 | D:8      | Found a glowing silver altar of Zin.
  8213 | D:8      | Identified a scroll of acquirement
  8213 | D:8      | Acquired the +5 demon whip "Transmigrator" {venom, MP+9
                  | Dex+6 SInv Stlth+}
  8336 | D:8      | Reached *** piety under Okawaru
  8337 | D:8      | Reached skill level 4 in Fighting
  8447 | D:8      | Found the +8 demon blade "Leech" {vamp, Harm Drain rN+}
  9026 | D:8      | Reached XP level 10. HP: 38/58 MP: 11/11
  9035 | D:8      | Reached skill level 1 in Dodging
  9038 | D:8      | Reached skill level 5 in Fighting
  9041 | D:8      | Reached skill level 1 in Stealth
  9686 | D:9      | Reached **** piety under Okawaru
  9687 | D:9      | Reached skill level 1 in Invocations
  9777 | D:9      | Found a runed translucent gate.
  9777 | D:9      | Found a runed translucent gate.
  9777 | D:9      | Found a runed translucent gate.
  9778 | D:9      | Noticed Bricks's ghost (novice GnFi)
  9939 | D:9      | Found a staircase to the Orcish Mines.
  9954 | D:9      | Reached skill level 6 in Fighting
 10196 | D:9      | Noticed a necromancer
 10627 | D:9      | Killed a necromancer
 10792 | D:9      | Reached skill level 7 in Fighting
 10891 | D:10     | Entered Level 10 of the Dungeon
 10922 | D:10     | Found an opulent altar of Gozag.
 11022 | D:10     | Reached ***** piety under Okawaru
 11190 | D:10     | Received a gift from Okawaru
 11191 | D:10     | Found the +2 ratskin cloak {*Rats rPois rN+ Str-1 Int-1
                  | Dex+1}
 11197 | D:10     | Reached skill level 8 in Fighting
 11197 | D:10     | Reached XP level 11. HP: 50/68 MP: 14/14
 11200 | D:10     | Noticed a two-headed ogre
 11651 | D:9      | Killed a two-headed ogre
 11977 | D:10     | Reached skill level 5 in Shields
 12145 | D:10     | Found a staircase to the Lair.
 12645 | Lair:1   | Entered Level 1 of the Lair of Beasts
 12652 | Lair:1   | Reached skill level 5 in Armour
 12721 | Lair:1   | Reached skill level 9 in Fighting
 12944 | Lair:1   | Noticed Joseph
 13289 | Lair:1   | Reached skill level 5 in Invocations
 14057 | Lair:1   | Killed Joseph
 14058 | Lair:1   | Reached skill level 10 in Fighting
 14645 | D:11     | Reached skill level 5 in Dodging
 14878 | D:11     | Found Meuriw Pouh's Overcharged Wands.
 15260 | D:12     | Noticed a manticore
 15265 | D:12     | Killed a manticore
 15266 | D:12     | Reached XP level 12. HP: 74/77 MP: 16/16
 15635 | D:12     | Identified the +0 helmet "Aphemp" {rElec rN++ Regen+ Dex-5}
 16130 | D:12     | Received a gift from Okawaru
 16134 | D:12     | Noticed a two-headed ogre
 16144 | D:12     | Killed a two-headed ogre
 16699 | D:13     | Reached skill level 11 in Fighting
 16896 | D:13     | Noticed a seven-headed hydra
 17023 | Orc:1    | Entered Level 1 of the Orcish Mines
 17154 | Orc:1    | Noticed an orc warlord
 17201 | D:9      | Killed an orc warlord
 17588 | Orc:1    | Received a gift from Okawaru
 18122 | Orc:2    | Entered Level 2 of the Orcish Mines
 18122 | Orc:2    | Found a staircase to the Elven Halls.
 18216 | Orc:2    | Found Gokust's Weapon Boutique.
 18382 | Orc:1    | Reached skill level 12 in Fighting
 18637 | Orc:2    | Reached ****** piety under Okawaru
 18638 | Orc:2    | Reached XP level 13. HP: 50/86 MP: 16/17
 18871 | Orc:2    | Noticed an orc warlord
 19155 | Orc:2    | Killed an orc warlord
 19502 | Orc:2    | Found Diriheuwk's Antique Armour Shop.
 19505 | Orc:2    | Identified the +0 plate armour of Miracles {*Slow Int+5}
                  | (Okawaru gifted it to you on level 2 of the Orcish Mines)
 19505 | Orc:2    | Received a gift from Okawaru
 19563 | Orc:2    | Found Adwei's Antique Weapon Boutique.
 19912 | Orc:2    | Found Jozowk's Jewellery Shop.
 20139 | Orc:2    | Bought a warped chain mail for 256 gold pieces
 20139 | Orc:2    | Identified the +1 chain mail of Yceamass {Will+} (You
                  | bought it in a shop on level 2 of the Orcish Mines)
 20139 | Orc:2    | Bought a scorched scale mail for 243 gold pieces
 20139 | Orc:2    | Identified the +4 scale mail of Vehumet's Benevolence
                  | {rElec Str+7 Stlth+} (You bought it in a shop on level 2 of
                  | the Orcish Mines)
 20198 | Orc:2    | Bought the ring "Liathrou" {+Blink rF+ MP+9 Dex+2} for 678
                  | gold pieces
 20253 | Orc:2    | Bought a ring of willpower for 375 gold pieces
 20634 | Lair:2   | Identified the +0 cloak of the Serpent {rPois rCorr MP+9
                  | Str-2}
 20750 | Lair:2   | Reached skill level 13 in Fighting
 21263 | Lair:2   | Noticed Sonja
 21269 | Lair:2   | Killed Sonja
 21673 | Lair:3   | Found a burning altar of Makhleb.
 22041 | Lair:3   | Identified the +0 pair of gloves of the Cuttlefish {-Tele
                  | rElec Regen+ Dex+3} (Okawaru gifted it to you on level 3 of
                  | the Lair of Beasts)
 22041 | Lair:3   | Received a gift from Okawaru
 22078 | Lair:3   | Found a staircase to the Shoals.
 22082 | Lair:3   | Found a frozen archway.
 22093 | IceCv    | Entered an ice cave
 22201 | IceCv    | Noticed a quicksilver ooze
 22432 | IceCv    | Reached XP level 14. HP: 95/95 MP: 19/19
 22525 | IceCv    | Reached skill level 14 in Fighting
 22645 | IceCv    | Noticed an azure jelly
 22669 | IceCv    | Acquired the +0 buckler of the Rambutan {rF+ rN+ Str+3}
 22735 | IceCv    | Killed a quicksilver ooze
 22770 | IceCv    | Reached skill level 1 in Throwing
 22784 | IceCv    | Got the Reference Book on the Glacier
 22901 | IceCv    | Found a viscous altar of Jiyva.
 22901 | IceCv    | Noticed an azure jelly
 22923 | IceCv    | Killed an azure jelly
 22944 | IceCv    | Killed an azure jelly
 23007 | IceCv    | Got the ring of the Inquisitive Hosts {rC+ rCorr Dex+5
                  | SInv}
 23011 | IceCv    | Identified the +9 ice dragon scales of Insecurity {Harm
                  | rPois rF- rC++ Int-4 SInv}
 23169 | Lair:3   | Found a staircase to the Snake Pit.
 23926 | Lair:4   | Received a gift from Okawaru
 24138 | Lair:4   | Found a gate leading to a gauntlet.
 24156 | Gauntlet | Entered a Gauntlet
 24156 | Gauntlet | Noticed a dire elephant
 24156 | Gauntlet | Found a transporter.
 24156 | Gauntlet | Found a transporter.
 24156 | Gauntlet | Found a transporter.
 24156 | Gauntlet | Found a transporter.
 24173 | Gauntlet | Found a transporter.
 24182 | Gauntlet | Found a transporter.
 24190 | Gauntlet | Found a transporter.
 24197 | Gauntlet | Found a transporter.
 24198 | Gauntlet | Found a transporter.
 24265 | Gauntlet | Found a transporter.
 24325 | Gauntlet | Found a transporter.
 24335 | Gauntlet | Found a transporter.
 24677 | Gauntlet | Identified the +8 great mace "Xeasche" {vorpal, *Noise
                  | Drain rN+++ Stlth+}
 25193 | Lair:5   | Reached skill level 10 in Armour
 25349 | Lair:5   | Reached skill level 15 in Fighting
 25418 | Lair:5   | Identified the +0 robe "Semoreshou" {rC+ MP+9} (Okawaru
                  | gifted it to you on level 5 of the Lair of Beasts)
 25418 | Lair:5   | Received a gift from Okawaru
 25627 | Lair:5   | Found a runed translucent gate.
 25627 | Lair:5   | Found a runed translucent gate.
 25627 | Lair:5   | Found a runed translucent gate.
 25628 | Lair:5   | Noticed Emuarch's ghost (journeyman MiFi)
 25854 | Lair:5   | Reached XP level 15. HP: 75/103 MP: 21/21
 26075 | Lair:5   | Reached skill level 10 in Shields
 26510 | Lair:6   | Entered Level 6 of the Lair of Beasts
 27164 | Lair:6   | Found a staircase to the Slime Pits.
 27286 | Lair:6   | Received a gift from Okawaru
 28012 | Lair:6   | Identified the +9 rapier of Gueniex {drain, +Blink}
 28114 | Lair:6   | Reached skill level 16 in Fighting
 28418 | D:13     | Found a runed translucent door.
 28614 | D:13     | Found Ampis's Weapon Shoppe.
 28674 | D:13     | Noticed Maxmaps's ghost (adept FoSk)
 28891 | D:13     | Identified the +11 spear "Raugh" {venom, +Blink rElec rC+}
 29205 | D:14     | Reached XP level 16. HP: 73/111 MP: 23/23
 29474 | D:14     | Found a gate to the Vaults.
 29481 | D:14     | Received a gift from Okawaru
 29963 | D:15     | Entered Level 15 of the Dungeon
 30268 | D:15     | Received a gift from Okawaru
 30761 | D:15     | Found a staircase to the Depths.
 30894 | Depths:1 | Entered Level 1 of the Depths
 30896 | Depths:1 | Noticed a sphinx
 30905 | D:15     | Reached skill level 10 in Dodging
 31068 | Snake:1  | Entered Level 1 of the Snake Pit
 31406 | Snake:1  | Reached skill level 17 in Fighting
 32912 | Snake:2  | Reached skill level 5 in Throwing
 32923 | Snake:2  | Reached skill level 5 in Stealth
 33172 | Snake:2  | Reached XP level 17. HP: 89/118 MP: 25/25
 33360 | Snake:2  | Identified the -1 hat of the Shining Light {Dex+2} (Okawaru
                  | gifted it to you on level 2 of the Snake Pit)
 33360 | Snake:2  | Received a gift from Okawaru
 34226 | Snake:3  | Noticed Kirke
 34249 | Snake:3  | Noticed a sphinx
 34262 | Snake:3  | Killed Kirke
 35515 | Snake:4  | Entered Level 4 of the Snake Pit
 35624 | Snake:4  | Reached skill level 18 in Fighting
 36067 | Snake:4  | Received a gift from Okawaru
 37171 | Snake:4  | Noticed Aizul
 37309 | Snake:4  | Killed Aizul
 37582 | Snake:4  | Received a gift from Okawaru
 37582 | Snake:4  | Found the +5 demon whip "Spellbinder" {antimagic, Will+}
 38178 | Snake:4  | Got a serpentine rune of Zot
 38524 | Shoals:1 | Entered Level 1 of the Shoals
 38598 | Shoals:1 | Reached XP level 18. HP: 126/126 MP: 26/26
 38737 | Shoals:1 | Noticed Jorgrun
 38761 | Shoals:1 | Killed Jorgrun
 39203 | Shoals:1 | Noticed Frances
 39224 | Shoals:1 | Killed Frances
 39804 | Shoals:2 | Found Epnut's Magic Scroll Shop.
 39878 | Shoals:3 | Noticed Polyphemus
 39892 | Shoals:2 | Noticed Louise
 40053 | Shoals:2 | Received a gift from Okawaru
 40153 | Shoals:2 | Killed Louise
 40780 | Shoals:3 | HP: 6/127 [drowned by a water elemental (4)]
 40780 | Shoals:3 | HP: 2/127 [merfolk (5)]
 40796 | Shoals:3 | HP: 2/127 [merfolk aquamancer/shard of ice (4)]
 40801 | Shoals:3 | HP: 2/127 [faun/stone[a satyr] (1)]
 40803 | Shoals:3 | Shot with an arrow by a satyr

Illustrated notes

Levels and vault maps discovered:
D:1:      eino_arrival_tree_alley, layout_rooms
D:2:      layout_loops_cross, hellmonk_ecumenical_altar_heavens_door,
          uniq_robin, uniq_jessica
D:3:      layout_basic, mainiacjoe_overflow_surrounded_room,
          grunt_decor_arrowhead, kennysheep_nondescript,
          minmay_misc_feat_ornament, nicolae_figureground_pulse
D:4:      layout_loops_cross, st_stairs_4, minivault_19
D:5:      layout_basic
D:6:      layout_basic, grunt_dithmenos_smoke, marbit_many_paths, temple_green
D:7:      layout_basic, mainiacjoe_overflow_concentric_impassable,
          jmf_multi_god_temple, gammafunk_ghost_berserking_beasts
D:8:      layout_basic, grunt_temple_overflow_order_and_chaos_1,
          grunt_ministairs_6
D:9:      layout_cave_pods, orc_0_dummy, special_room [special_room_orc],
          gammafunk_ghost_spectres, grunt_ministairs_8, eino_house_with_fridge
D:10:     layout_irregular_city, nicolae_overflow_hidden_temple,
          erik_lair_orcish_takeover, minmay_misc_feat_more_columns
D:11:     layout_loops_ring, nicolae_shop_overcharged_wands
D:12:     layout_stronghold
D:13:     layout_cave_pools, ebering_ghost_funeral_grove, serial_shops, shop
D:14:     layout_roguey, erik_vaults_1, nrook_campfire
D:15:     grunt_enter_depths_snipers, layout_irregular_city, minivault_27
Temple:   cyrus_circular_temple
Lair:1:   layout_layer_cave, uniq_joseph
Lair:2:   layout_roguey, kennysheep_abandoned_house, grunt_megastairs_2,
          serial_bayou_shore_a, serial_bayou_shore_b, uniq_sonja
Lair:3:   layout_long_grid, minmay_shoals_entry_centaurs,
          minmay_snake_entry_guardpost_small, portal_ice_cave_entry_pillars_1,
          basic_altar
Lair:4:   layout_gridlike, gauntlet_entry_generic
Lair:5:   layout_roguey [special_room_bee], lightli_volcano_entry_magma_tube,
          ebering_ghost_rock_garden
Lair:6:   due_jungle_book, layout_gridlike, minmay_slime_entry_pillars
Shoals:1: layout_shoals, uniq_frances, uniq_jorgrun
Shoals:2: layout_shoals, serial_shops, nicolae_shop_trees, uniq_louise
Shoals:3: layout_shoals, kb_tengu_band, uniq_polyphemus
Snake:1:  layout_onion_interference, nicolae_snake_slithery_corners,
          chequers_hall_statues_y
Snake:2:  layout_cave_pods
Snake:3:  layout_cave_town, uniq_kirke
Snake:4:  minmay_snake_end_coiled, layout_cave_town, st_stairs_4, uniq_aizul
Orc:1:    layout_caves
Orc:2:    grunt_orc_community_town_hall, layout_diamond_mine,
          grunt_orc_community_big_house_1, grunt_orc_community_big_house_2,
          grunt_orc_community_house_3, grunt_orc_community_house_2,
          grunt_orc_community_house_1, grunt_orc_community_house_3
Depths:1: layout_cave_pools, enter_ziggurat_b, hell_entry,
          chequers_serial_rivers_micro_b, abyss_entry, door_vault

Skill      XL: |  1  2  3  4  5  6  7  8  9 10 11 12 13 14 15 16 17 |
---------------+----------------------------------------------------+-----
Maces & Flails | 3 4 6 7 9 11 13 | 13.6
Shields        | 4 5 7 8 9 11 12 13 | 13.8
Fighting       | 4 8 10 12 13 15 16 17 18 | 18.9
Armour         | 4 6 8 9 10 11 12 | 12.8
Dodging        | 3 5 6 8 9 10 11 | 11.6
Stealth        | 2 5 7 |  7.8
Invocations    | 3 5 6 7 9 |  9.5
Throwing       | 2 5 |  5.0

Action                   |  1- 3 |  4- 6 |  7- 9 | 10-12 | 13-15 | 16-18 || total
-------------------------+-------+-------+-------+-------+-------+-------++-------
Melee: Flail             |    65 |   105 |   227 |       |       |       ||   397
       Peck              |     6 |    16 |    57 |   153 |   425 |   414 ||  1071
       Kick              |    14 |    20 |    84 |   250 |   633 |   620 ||  1621
       Demon whip        |       |       |    38 |   646 |  1369 |  1246 ||  3299
       Unarmed           |       |       |       |       |       |     6 ||     6
Throw: Dart              |     6 |     3 |    11 |    35 |    24 |     7 ||    86
Invok: Heroism           |       |       |     2 |     2 |     8 |     1 ||    13
       Finesse           |       |       |       |       |     1 |       ||     1
Evoke: Wand              |       |       |       |     1 |     3 |     1 ||     5
  Use: Potion            |     1 |     1 |     2 |       |     4 |     5 ||    13
       Scroll            |       |     9 |     6 |     9 |     8 |     7 ||    39
 Stab: Sleeping          |       |       |     1 |     9 |    12 |    35 ||    57
       Distracted        |       |       |       |     2 |     5 |     5 ||    12
Armor: Scale mail        |    38 |    28 |       |       |   141 |   151 ||   358
       Ring mail         |       |     6 |    69 |    32 |       |       ||   107
       Acid dragon scale |       |       |       |    22 |    14 |       ||    36
Dodge: Dodged            |    26 |    36 |    94 |   232 |   591 |   635 ||  1614
Block: Buckler           |    15 |    21 |    62 |   113 |   307 |   365 ||   883
